 Dungeon Sprint DCSS version 0.26-a0-708-g17f3b190f9 (webtiles) character file.

Game seed: 9955862079602686946

123 mhtbhm the Shield-Bearer (level 5, -2/45 HPs)
             Began as a Formicid Fighter on Oct 29, 2020.
             Was an Initiate of Makhleb.
             Slain by a troll (11 damage)
             ... in the Dungeon (Sprint IX: "|||||||||||||||||||||||||||||").
             The game lasted 00:00:35 (267 turns).

mhtbhm the Shield-Bearer (Formicid Fighter)          Turns: 267, Time: 00:00:35

Health: -2/45      AC: 10    Str: 24    XL:     5   Next: 29%
Magic:  5/5        EV: 10    Int:  8    God:    Makhleb [......]
Gold:   0          SH: 11    Dex: 10    Spells: 4/4 levels left

rFire    . . .     SeeInvis +   a - +2 halberd (venom)
rCold    . . .     Faith    .   c - +0 kite shield
rNeg     . . .     Spirit   .   b - +1 scale mail
rPois    .         Reflect  .   (helmet unavailable)
rElec    .         Harm     .   (no cloak)
rCorr    .         Rampage  .   (no gloves)
MR       .....                  (no boots)
Stlth    ..........             (no amulet)
HPRegen  0.15/turn              l - +3 ring of strength
MPRegen  0.09/turn              m - +2 ring of protection

@: mighty
A: permanent stasis, dig shafts and tunnels, four strong arms, antennae 3
a: Dig, Renounce Religion


You were in the Dungeon.
You worshipped Makhleb.
Makhleb was noncommittal.
You visited 1 branch

Inventory:

Hand Weapons
 a - a +2 halberd of venom (weapon)
Armour
 b - a +1 scale mail (worn)
 c - a +0 kite shield (worn)
Jewellery
 l - a +3 ring of strength (left hand)
 m - a +2 ring of protection (right hand)
Wands
 k - a wand of iceblast (10)
Scrolls
 i - 3 scrolls of remove curse
 j - 2 scrolls of amnesia
Potions
 e - 5 potions of curing
 f - 2 potions of heal wounds
 g - 4 potions of magic
 h - a potion of invisibility


   Skills:
 + Level 5.6 Fighting
 + Level 5.2 Polearms
 + Level 6.1 Armour
 + Level 1.7 Dodging
 + Level 6.7 Shields


You had 4 spell levels left.
You didn't know any spells.
Your spell library was empty.

Dungeon Overview and Level Annotations

Branches:
Dungeon (1/1)

Altars:
Cheibriados
Dithmenos
Elyvilon
Fedhas
Gozag
Hepliaklqana
Kikubaaqudgha
Makhleb
Nemelex Xobeh
Okawaru
Qazlal
Ru
Sif Muna
Trog
Uskayaw
Vehumet
Wu Jian
Xom
Yredelemnul
Zin
The Shining One
Beogh
Jiyva
Lugonu


Innate Abilities, Weirdness & Mutations

You cannot be hasted, slowed, berserked, paralysed or teleported.
You can dig through walls and to a lower floor.
Your four strong arms can wield two-handed weapons with a shield.
You have a pair of large antennae on your head. (SInv)


Message History

Makhleb accepts your kill.
Your Fighting skill increases to level 5!
Your Polearms skill gained 2 levels and is now at level 5!
Your Armour skill gained 2 levels and is now at level 6!
Your Dodging skill increases to level 1!
Your Shields skill increases to level 6!
You have reached level 4!
You feel clever.
You have reached level 5!
Okay, then.
You puncture the troll!
The troll is poisoned.
The troll is heavily wounded.
The troll bites you! The troll completely misses you.
You block the troll's attack. x2; The troll claws you!
* * * LOW HITPOINT WARNING * * *
The troll barely misses you.
You closely miss the troll.
The troll is heavily wounded.
The troll barely misses you. You block the troll's attack. The troll claws you!
You die... {{{{{{{{ {{{{{{{ ▓▓▓▓▓▓▓▓▓▓▓▓▓▓▓▓▓▓▓▓▓▓▓▓ ..ohxTT@.[[[.)?.'_______ ▓▓▓▓▓▓▓▓▓▓▓▓▓▓▓▓▓▓▓▓▓▓▓▓

You could see 2 trolls, an unseen horror (invisible), an orc warrior and a black bear.

Vanquished Creatures
  An orc warrior (D)
  An adder (D)
  A white imp (D)
  An adder zombie (D)
  A goblin (D)
  A hobgoblin (D)
  A kobold (D)
  A quokka (D)
  A ball python zombie (D)
  A bat (D)
  A frilled lizard (D)
11 creatures vanquished.

Notes
Turn   | Place    | Note
-------+----------+-------------------------------------------
     0 | D        | mhtbhm the Formicid Fighter began the quest for the Orb.
     0 | D        | Reached XP level 1. HP: 18/18 MP: 1/1
   132 | D        | Reached XP level 2. HP: 14/25 MP: 2/2
   140 | D        | Reached XP level 3. HP: 19/31 MP: 3/3
   146 | D        | Reached skill level 5 in Shields
   154 | D        | Found a roughly hewn altar of Beogh.
   154 | D        | Found a snail-covered altar of Cheibriados.
   154 | D        | Found a shadowy altar of Dithmenos.
   154 | D        | Found a white marble altar of Elyvilon.
   154 | D        | Found a blossoming altar of Fedhas.
   154 | D        | Found an opulent altar of Gozag.
   155 | D        | Found a hazy altar of Hepliaklqana.
   156 | D        | Found a viscous altar of Jiyva.
   157 | D        | Found an ancient bone altar of Kikubaaqudgha.
   158 | D        | Found a corrupted altar of Lugonu.
   159 | D        | Found a burning altar of Makhleb.
   160 | D        | Found a sparkling altar of Nemelex Xobeh.
   161 | D        | Found an iron altar of Okawaru.
   162 | D        | Found a stormy altar of Qazlal.
   163 | D        | Found a sacrificial altar of Ru.
   164 | D        | Found a shimmering blue altar of Sif Muna.
   165 | D        | Found a bloodstained altar of Trog.
   166 | D        | Found a hide-covered altar of Uskayaw.
   167 | D        | Found a radiant altar of Vehumet.
   168 | D        | Found an ornate altar of the Wu Jian Council.
   171 | D        | Became a worshipper of Makhleb the Destroyer
   174 | D        | Found a shimmering altar of Xom.
   175 | D        | Found a basalt altar of Yredelemnul.
   176 | D        | Found a glowing silver altar of Zin.
   177 | D        | Found a glowing golden altar of the Shining One.
   257 | D        | Noticed an orc warrior
   257 | D        | Noticed a black bear
   257 | D        | Noticed an unseen horror
   257 | D        | Noticed a troll
   257 | D        | Noticed a troll
   257 | D        | Noticed an orc warrior
   265 | D        | Killed an orc warrior
   265 | D        | Reached skill level 5 in Fighting
   265 | D        | Reached skill level 5 in Polearms
   265 | D        | Reached skill level 1 in Dodging
   265 | D        | Reached XP level 4. HP: 25/39 MP: 4/4
   265 | D        | Reached XP level 5. HP: 29/45 MP: 5/5
   267 | D        | Slain by a troll

Illustrated notes

Levels and vault maps discovered:
D:        linesprint [early_d, line_temple, items_1, d_10, items_2, lair_1,
          lair_end, items_3, orc_1, orc_end, items_4, d_15, swamp_1, shoals_1,
          snake_1, spider_1, d_20, vaults_1, items_5, swamp_end, shoals_end,
          snake_end, spider_end, vaults_end, d_27, items_6, zot_1, zot_end,
          crypt_end, forest_end, elf_end, slime_end, tomb_end, abyss_end,
          pan_hell_end]

Skill      XL: |  1  2  3 |
---------------+----------+-----
Shields        | 4 6 |  6.7
Armour         | 4 6 |  6.1
Fighting       | 4 5 |  5.6
Polearms       | 5 |  5.2
Dodging        | 1 |  1.7

Action                   |  1- 3 |  4- 6 || total
-------------------------+-------+-------++-------
Melee: Trident           |    37 |       ||    37
       Halberd           |     6 |     2 ||     8
  Use: Potion            |     2 |       ||     2
Armor: Scale mail        |    14 |       ||    14
Dodge: Dodged            |     8 |     3 ||    11
Block: Kite shield       |    21 |     3 ||    24

Table legend: (Time is in decaauts)
 A = Elapsed time spent in this place.
 B = Non-inter-level travel time spent in this place.
 C = Inter-level travel time spent in this place.
 D = Time resting spent in this place.
 E = Time spent auto-exploring this place.
 F = Levels seen in this place.
 G = Mean time per level.
                   A        B        C        D        E       F      G
               +--------+--------+--------+--------+--------+-----+--------+
         Total |    277 |    277 |      0 |    139 |      0 |   1 |  277.0 |
       Dungeon |    277 |    277 |      0 |    139 |      0 |   1 |  277.0 |
               +--------+--------+--------+--------+--------+-----+--------+

Top non-repeatable levels by time:
       D: 277 daAuts
